 Dungeon Crawl Stone Soup version 0.23-a0-612-gcb482e9 (webtiles) character file.

207 Shiggs the Poker (level 5, -8/44 HPs)
             Began as a Demigod Gladiator on Dec 21, 2018.
             Killed by divine providence
             ... invoked by an orc priest
              (11 damage)
             ... on level 4 of the Dungeon.
             The game lasted 00:04:41 (3150 turns).

Shiggs the Poker (Demigod Gladiator)                Turns: 3150, Time: 00:04:42

Health: -8/44      AC: 10    Str: 19    XL:     5   Next: 29%
Magic:  7/7        EV:  4    Int: 12    God:
Gold:   193        SH: 13    Dex: 17    Spells: 4/4 levels left

rFire    . . .     SeeInvis .   a - +0 trident
rCold    . . .     Gourm    .   g - +0 large shield
rNeg     . . .     Faith    .   v - +0 chain mail
rPois    .         Spirit   .   c - +0 helmet
rElec    .         Reflect  .   (no cloak)
rCorr    .         Harm     .   l - +0 pair of gloves
MR       .....                  (no boots)
Stlth    ..........             (no amulet)
HPRegen  0.14/turn              (no ring)
MPRegen  0.10/turn              (no ring)

@: no status effects
A: high mp 1
a: no special abilities


You were on level 4 of the Dungeon.
You were not hungry.

You visited 1 branch of the dungeon, and saw 4 of its levels.

You collected 193 gold pieces.

Inventory:

Hand Weapons
 a - a +0 trident (weapon)
Missiles
 b - 51 poisoned needles
 d - 2 throwing nets (quivered)
Armour
 c - a +0 helmet (worn)
 g - a +0 large shield (worn)
 l - a +0 pair of gloves (worn)
 s - a +0 pair of boots
 v - a +0 chain mail (worn)
Jewellery
 i - an uncursed ring of stealth {unknown}
Wands
 u - a wand of flame (18)
Scrolls
 e - 3 scrolls of remove curse {unknown}
 j - 5 scrolls of identify {unknown}
 k - a scroll of teleportation {unknown}
 m - a scroll of noise {unknown}
 n - a scroll of fog {unknown}
 q - 2 scrolls of fear {unknown}
Potions
 h - 2 potions of agility {unknown}
 o - 2 potions of lignification {unknown}
 p - a potion of degeneration {unknown}
 r - a potion of curing {unknown}
 t - a potion of cancellation {unknown}
Comestibles
 f - 3 rations
 w - 11 chunks of flesh


   Skills:
 + Level 2.8 Fighting
 * Level 4.2 Polearms
 - Level 1.7 Throwing
 + Level 2.0 Armour
 - Level 2.6 Dodging
 + Level 1.7 Shields


You had 4 spell levels left.
You didn't know any spells.
Your spell library was empty.

Dungeon Overview and Level Annotations

Branches:
Dungeon (4/15)
 Temple: D:4-7

Annotations:
D:3 Terence


Innate Abilities, Weirdness & Mutations

You have an increased reservoir of magic. (+10% MP)


Message History

Okay, then.
Throwing (i - inventory)
d - 3 throwing nets (quivered)
Press: ? - help, Shift-Dir - straight line, f - orc priest
Aim: an orc priest, wielding a +0 hand axe and wearing a +0 ring mail (almost
Okay, then.
Throwing (i - inventory)
d - 3 throwing nets (quivered)
Press: ? - help, Shift-Dir - straight line, f - orc priest
Aim: an orc priest, wielding a +0 hand axe and wearing a +0 ring mail (almost You throw a throwing net.
The throwing net hits the orc priest.
The orc priest is caught in the net!
The orc priest is almost dead.
The orc priest struggles against the net.
You hit the orc priest.
The orc priest is almost dead.
The orc priest struggles against the net.
Your shield and chain mail prevent you from hitting the orc priest.
The orc priest is almost dead.
The orc priest mumbles some strange prayers to Beogh against you.
Beogh smites you!
You die...

.....###.# .. ..
......##.# .♣.
#...#.###### ...
#..........#########...
##)................#♣o♣
#†#.#######.###.###♣.♣
#.#.######.#.##.# ♣.♣
#..#......###o#.# ♣.♣
.####.###.####.#@##o#
♣o♣ ....)## ##.#
##.###.# #♣.♣#
.###).###..# #.#
#.###)..# ......)#...#
#.# #.o##'''#
####.....#.# #.#
#.......# ##.#.#...#
#.# ##.######
#.....)..####.# #.#
#..#.#........# #.#
#......#......# #.#


You could see an orc priest (caught).

Vanquished Creatures
  An orc priest (D:3)
  Ijyb (D:3)
  Robin (D:4)
  2 adders (D:3)
  A shadow imp (D:3)
  An ooze (D:4)
  3 worms
  5 dart slugs
  2 leopard geckos
  6 orcs
  7 bats
  2 giant cockroaches (D:1)
  15 goblins
  10 hobgoblins
  6 jackals
  A quokka (D:3)
  4 frilled lizards
  8 kobolds
  4 rats
80 creatures vanquished.

Notes
Turn   | Place    | Note
-------+----------+-------------------------------------------
     0 | D:1      | Shiggs the Demigod Gladiator began the quest for the Orb.
     0 | D:1      | Reached XP level 1. HP: 17/17 MP: 3/3
   184 | D:1      | Reached skill level 3 in Polearms
   210 | D:1      | Reached XP level 2. HP: 24/24 MP: 4/4
   663 | D:1      | Reached skill level 1 in Armour
   706 | D:1      | Reached XP level 3. HP: 29/29 MP: 5/5
  1039 | D:2      | Found a stormy altar of Qazlal.
  1635 | D:3      | Reached skill level 1 in Shields
  1696 | D:3      | Reached XP level 4. HP: 31/37 MP: 6/6
  2177 | D:3      | Noticed Ijyb
  2195 | D:3      | Killed Ijyb
  2195 | D:3      | Reached skill level 4 in Polearms
  2507 | D:3      | Reached XP level 5. HP: 38/42 MP: 7/7
  2887 | D:3      | Noticed Terence
  2944 | D:4      | Noticed Robin
  2982 | D:4      | Killed Robin
  3147 | D:4      | HP: 2/44 [orc priest/divine providence (13)]
  3150 | D:4      | Killed from afar by an orc priest

Vault maps used:
D:1:      beargit_arrival_greenhouse, kennysheep_boxes
D:2:      grunt_qazlal_clouds, kennysheep_cluttered_room, serial_bayou_pond_d
D:3:      first_ration, grunt_decor_resistance, uniq_ijyb, uniq_terence
D:4:      serial_glass, glass_columns_a, glass_columns_a, grunt_decor_arrowhead,
          kennysheep_cross_bottleneck, feat_on_display, uniq_blork_the_orc,
          uniq_robin

Skill      XL: |  1  2  3  4  5 |
---------------+----------------+-----
Fighting       | 2 |  2.8
Polearms       | 3 4 |  4.2
Armour         | 1 2 |  2.0
Shields        | 1 |  1.7
Throwing       | |  1.7
Dodging        | |  2.6

Action                   |  1- 3 |  4- 6 || total
-------------------------+-------+-------++-------
Melee: Trident           |   172 |   149 ||   321
Throw: Throwing net      |       |     1 ||     1
 Stab: Sleeping          |     2 |       ||     2
  Eat: Chunk             |     3 |     5 ||     8
Armor: Leather armour    |    12 |       ||    12
       Ring mail         |    19 |    10 ||    29
       Chain mail        |       |    57 ||    57
Dodge: Dodged            |    29 |    20 ||    49
Block: Large shield      |    88 |   120 ||   208

Table legend:
 A = Non-vault XP
 B = Vault XP
 C = Vault XP percentage of total XP
 D = Non-vault monster count
 E = Vault monster count
 F = Vault count percentage of total count
                 A         B        C        D         E       F
            +---------+---------+-------+---------+---------+-------
      Total |     225 |      72 |  24.2 |      67 |      13 |  16.2
            +---------+---------+-------+---------+---------+-------
        D:1 |      51 |       0 |   0.0 |      26 |       0 |   0.0
        D:2 |      29 |       0 |   0.0 |      14 |       0 |   0.0
        D:3 |     135 |      36 |  21.1 |      25 |       1 |   3.8
        D:4 |      10 |      36 |  78.3 |       2 |      12 |  85.7
            +---------+---------+-------+---------+---------+-------
